 Dungeon Crawl Stone Soup version 0.23.0 (webtiles) character file.

Game seed: 11619856346088021114

32 DrEnzyme the Conjurer (level 3, -1/24 HPs)
             Began as a Vampire Conjurer on Feb 12, 2019.
             Slain by a jackal (3 damage)
             ... on level 2 of the Dungeon.
             The game lasted 00:03:25 (1820 turns).

DrEnzyme the Conjurer (Vampire Conjurer)            Turns: 1820, Time: 00:03:26

Health: -1/24      AC:  2    Str:  8    XL:     3   Next: 10%
Magic:  0/6        EV: 12    Int: 17    God:
Gold:   133        SH:  0    Dex: 14    Spells: 3/6 levels left

rFire    . . .     SeeInvis +   i - +0 dagger
rCold    + . .     Gourm    .   (no shield)
rNeg     + + .     Faith    .   a - +0 robe
rPois    +         Spirit   .   (no helmet)
rElec    .         Reflect  .   (no cloak)
rCorr    .         Harm     .   (no gloves)
MR       .....                  (no boots)
Stlth    +++.......             (no amulet)
HPRegen  0.04/turn              (no ring)
MPRegen  0.10/turn              (no ring)

@: regenerating slowly
A: rotting body, fangs 3, see invisible, unbreathing
a: Bat Form


You were on level 2 of the Dungeon.
You were thirsty.

You visited 1 branch of the dungeon, and saw 2 of its levels.

You collected 133 gold pieces.

Inventory:

Hand Weapons
 i - a +0 dagger (weapon)
Missiles
 b - 46 stones (quivered)
Armour
 a - a +0 robe (worn)
 f - a +0 shield
Scrolls
 d - a scroll of magic mapping {unknown}
 h - a scroll of remove curse {unknown}
 j - a scroll of identify {unknown}
 k - 2 scrolls of teleportation {unknown}
Potions
 c - 10 potions of blood
 e - a potion of degeneration {unknown}
 g - a potion of might {unknown}
 l - a potion of invisibility {unknown}


   Skills:
 + Level 2.2 Dodging
 + Level 3.1 Stealth
 + Level 2.3 Spellcasting
 + Level 3.5 Conjurations


You had 3 spell levels left.
You knew the following spells:

 Your Spells              Type           Power        Failure   Level  Hunger
a - Magic Dart            Conj           ##..         4%          1    #......
b - Searing Ray           Conj           ##....       7%          2    ###....

Your spell library contained the following spells:

 Spells                   Type           Power        Failure   Level  Hunger
 Dazzling Spray           Conj/Hex       #.....       26%         3    ###....
 Iskenderun's Mystic Bla  Conj           ##......     41%         4    #####..
 Force Lance              Conj/Tloc      #.......     65%         4    #####..
 Fulminant Prism          Conj/Hex       #.........   65%         4    #####..


Dungeon Overview and Level Annotations

Branches:
Dungeon (2/15)

Altars:
Nemelex Xobeh
Ru


Innate Abilities, Weirdness & Mutations

Your body is rotting away.
You thrive on raw meat.
You heal slowly.
You have razor-sharp teeth.
You have supernaturally acute eyesight. (SInv)
You can survive without breathing.


Message History

The magic dart hits the jackal.
The jackal is severely wounded.
The jackal misses you.
The jackal bites you but does no damage.
The jackal misses you.
Casting: Magic Dart (safe; 4% risk of failure)
Confirm with . or Enter, or press ? or * to list all spells.
Aiming: Magic Dart (safe; 4% risk of failure)
Press: ? - help, Shift-Dir - straight line, f/p - jackal
Aim: a jackal (severely wounded)
The magic dart hits the jackal but does no damage.
The jackal is severely wounded.
The jackal bites you.
* * * LOW HITPOINT WARNING * * *
The jackal bites you.
* * * LOW HITPOINT WARNING * * *
The jackal misses you.
Found 10 gold pieces.
The jackal bites you.
You die...

##### ....# #####
....### ...$##
....$.. ...†.#
.....
###.†######## ...
≈..#.<......# ##.#
.≈..#.#####.####@#
.≈...#. #....h##
.≈..# ## ######.#
≈..# #.# ### #.#
.# #


You could see a jackal.

Vanquished Creatures
  A dart slug (D:1)
  A leopard gecko (D:1)
  A giant cockroach (D:1)
  4 goblins
  2 hobgoblins (D:1)
  7 jackals
  A kobold (D:1)
  2 bats (D:1)
  2 frilled lizards (D:1)
  5 rats
26 creatures vanquished.

Notes
Turn   | Place    | Note
-------+----------+-------------------------------------------
     0 | D:1      | DrEnzyme the Vampire Conjurer began the quest for the Orb.
     0 | D:1      | Reached XP level 1. HP: 13/13 MP: 3/3
   337 | D:1      | Reached XP level 2. HP: 12/19 MP: 0/5
   510 | D:1      | Learned a level 2 spell: Searing Ray
  1480 | D:2      | Reached XP level 3. HP: 22/24 MP: 1/6
  1563 | D:2      | Found a sparkling altar of Nemelex Xobeh.
  1790 | D:2      | Found a sacrificial altar of Ru.
  1820 | D:2      | Slain by a jackal

Skill      XL: |  1 |
---------------+----+-----
Conjurations   | 3 |  3.5
Dodging        | |  2.2
Stealth        | |  3.1
Spellcasting   | |  2.3

Action                   || total
-------------------------++-------
Melee: Unarmed           ||     2
       Dagger            ||     9
 Cast: Magic Dart        ||    71
 Abil: End Transformatio ||     1
       Bat Form          ||     1
  Use: Potion            ||     1
  Eat: Corpse            ||     1
Armor: Robe              ||     8
Dodge: Dodged            ||    41
